[Event "Czech Open-Rapid 2022"]
[Site "Pardubice"]
[Date "2022.07.20"]
[Round "3.31"]
[White "Michelle Catherina, P."]
[Black "Egri, Tomas"]
[Result "1-0"]
[ECO "C03"]
[WhiteElo "2141"]
[BlackElo "1783"]
[Annotator "TA"]
[PlyCount "81"]
[EventDate "2022.07.20"]
[EventType "swiss"]
[EventCountry "CZE"]
[SourceTitle "playchess.com"]
[Source "ChessBase"]
[SourceQuality "1"]
[TimeControl "1200+10"]

1. d4 e6 2. e4 d5 3. Nd2 dxe4 4. Nxe4 Nf6 5. Bg5 Be7 6. Bxf6 Bxf6 7. Nf3 O-O 8. c3 Be7 {[%emt 0:00:04] C13: French: Classical System: 4 Bg5 Be7, Alekhine-Chatard Attack.} 9. Bd3 b6 {[%emt 0:00:06] [#]} (9... Nd7 $11 {remains equal.}) 10. Qe2 (10. h4 $1 $16) 10... Bb7 $14 {[%emt 0:00:21] White is slightly better.} 11. h4 {Black must now prevent Neg5.} Nd7 12. O-O-O Nf6 13. Neg5 h6 14. Ne5 {[%emt 0:01:27][%cal Oe2c2] [#] And now Qc2! would win. 0x0.00144c11c6a5dp-1022s more active pieces. The black rooks are badly placed. Pair of Knights!} Nd5 $146 {[%emt 0:08:02][%mdl 8192] A mistake that costs the game.} (14... hxg5 $2 15. hxg5 Ne4 16. Bxe4 Bxe4 17. Qxe4 Bxg5+ 18. Kb1 $18) (14... Bxg2 $2 15. Rhg1 Bd5 16. Nh3 $18) (14... Bd6 $16) ({Predecessor:} 14... Bxg2 15. Rhg1 Bb7 16. Rg3 hxg5 17. hxg5 Nd5 18. Qh5 Bxg5+ 19. Rxg5 Nf6 20. Rxg7+ {1-0 (20) Antoniou,A (2168)-Damianou,I (1749) Nicosia 2015}) 15. Bh7+ $18 Kh8 16. Nexf7+ Rxf7 17. Nxf7+ Kxh7 18. Nxd8 Rxd8 19. Qxe6 Re8 20. Qf5+ Kh8 21. Rde1 Rf8 22. Qd7 Bd6 23. Re8 Rxe8 24. Qxe8+ Kh7 25. h5 Nf4 26. f3 a5 27. Qf7 Bd5 28. Qf5+ Kg8 29. Re1 {[%emt 0:00:48] White wants to mate with Re8+.} Bf7 {[%emt 0:00:05] Prevents Re8+.} 30. g4 Ng2 31. Re2 Nf4 32. Re4 g5 33. hxg6 Bxg6 {[%emt 0:00:06] [#]} 34. Rxf4 $1 Bxf5 35. Rxf5 {[%emt 0:00:01][%mdl 4096] Endgame KR-KB} Kg7 36. Kc2 Kg6 37. Kd3 Kg7 38. c4 c5 39. dxc5 Bxc5 {[%emt 0:00:05] [#]} 40. Rxc5 $1 bxc5 41. Ke4 {[%emt 0:00:02] Weighted Error Value: White=0.17 (very precise) /Black=0.40} 1-0

[Event "Czech Open-Rapid 2022"]
[Site "Pardubice"]
[Date "2022.07.20"]
[Round "3.32"]
[White "Rakhmangulova, Iulia"]
[Black "Jun, Rudolf"]
[Result "1-0"]
[ECO "B26"]
[WhiteElo "1904"]
[BlackElo "2134"]
[Annotator "TA"]
[PlyCount "123"]
[EventDate "2022.07.20"]
[EventType "swiss"]
[EventCountry "CZE"]
[SourceTitle "playchess.com"]
[Source "ChessBase"]
[SourceQuality "1"]
[TimeControl "1200+10"]

1. e4 c5 2. Nc3 Nc6 3. g3 g6 4. Bg2 d6 5. d3 Bg7 6. Be3 e6 7. Qd2 h6 8. Nf3 {[%emt 0:00:12] B26: Closed Sicilian: 3 g3, lines with early Be3.} (8. Nge2 $14) 8... a6 {[%emt 0:00:02] [#]} 9. a4 $146 ({Predecessor:} 9. Nd1 Nge7 10. c3 Qa5 11. h4 e5 12. Nh2 Be6 13. f4 O-O-O 14. Qf2 Rdf8 15. a4 Kb8 16. b4 {0-1 (39) Hanke,I-Bungter,H Badenweiler 1995}) 9... Nf6 10. d4 {[%emt 0:00:39] The position is equal.} cxd4 11. Nxd4 Nxd4 (11... Ng4 $15) 12. Bxd4 O-O 13. O-O {[%emt 0:00:52] White is more active.} Bd7 14. Be3 (14. Rfd1 $14) 14... Ng4 $11 15. Bf4 $36 {[%emt 0:00:17][%mdl 2048] White is more active.} e5 16. Be3 Be6 17. Rfd1 Qf6 (17... Nxe3 $11 {remains equal.} 18. Qxe3 Rc8) 18. Bb6 $16 {[%emt 0:00:58] Black must now prevent h3.} (18. Qxd6 $6 Nxe3 19. fxe3 Qg5 $14) 18... h5 (18... Qg5 $16 {was called for.} 19. Qxd6 Rfc8) 19. h3 $18 (19. Qxd6 $6 Rfc8 $18) 19... Nh6 20. Qxd6 Rac8 (20... Rfc8 $142 21. Be3 Kh7) 21. a5 Rfe8 22. Qd2 (22. Nd5 $142 Bxd5 23. Qxf6 (23. Qxd5 Qe7 $18) (23. Rxd5 Rxc2 24. Qd7 Re7 $16) 23... Bxf6 24. exd5) 22... Kh7 23. Nd5 Bxd5 24. exd5 {[%emt 0:00:03] Hoping for d6.} Qd6 25. b4 e4 26. Ra3 Nf5 27. Bc5 $2 ({White should play} 27. g4 $1 $18 hxg4 28. hxg4) 27... Qd7 (27... Rxc5 $11 28. bxc5 Qxc5) 28. c4 Bh6 29. Qe1 e3 30. f4 $2 {[%emt 0:00:26] [#] Against Re5} (30. fxe3 Rxc5 $1 31. bxc5 Bxe3+ 32. Rxe3 Nxe3 $17) (30. Qe2 $18) 30... Bg7 $2 {[%emt 0:02:00][%mdl 8192] [#]} (30... e2 $1 $17 31. Rb1 (31. Rd2 Rxc5 32. bxc5 Qc7 $17) 31... h4) 31. Kh2 {[%emt 0:00:22] Black is on the road to losing.} (31. Bxe3 Bb2 32. Rb3 Bd4 33. Rxd4 Nxd4 $17) (31. Rad3 $1 $16) 31... Nd6 $2 (31... h4 $14) 32. Qe2 (32. Bxe3 Nxc4 33. Rad3 Nb2 $17) (32. Bxd6 $142 Qxd6 33. c5 (33. Rxe3 Rxe3 34. Qxe3 Rxc4 $11)) 32... h4 (32... Rxc5 $142 33. bxc5 Nf5) 33. g4 (33. gxh4 $6 Nf5 $16) (33. Rxe3 hxg3+ 34. Kh1 (34. Kxg3 Nf5+ 35. Kh2 Nxe3 $17) 34... Nf5 $16) 33... Ne4 (33... Kg8 $142 34. Rf1 Bf8 35. Bxd6 (35. Rxe3 Rxe3 36. Qxe3 Nxc4 $18) 35... Bxd6) 34. Bxe4 Rxe4 35. Rxe3 Rxf4 36. Re7 Qa4 37. d6 {[%emt 0:00:21] d7 is the strong threat.} Rd8 38. d7 Rxc4 (38... Bf8 $142 39. Rf1 (39. Re8 Rxd7 40. Rxd7 Bxc5 $11) 39... Rxf1 40. Qxf1 Bxe7 41. Bxe7 (41. Qxf7+ Kh6 $11) 41... Kg8) 39. Bb6 Rc2 40. Rd2 Rxd7 41. Rexd7 Qxd7 42. Rxc2 Qd6+ 43. Kg1 Qg3+ 44. Qg2 Qe1+ 45. Qf1 Qg3+ 46. Rg2 Qxh3 47. Qxf7 Qd3 {[%emt 0:00:06] Against Bd4} 48. Bc5 {[%emt 0:00:41] Strongly threatening Bf8.} h3 49. Rf2 Qd1+ 50. Kh2 {[%emt 0:00:51] Threatening mate with Bf8.} Kh8 51. Qe8+ Kh7 52. Qf7 Kh8 $1 53. Qe8+ Kh7 54. Qe4 Qb3 55. Qf3 Be5+ 56. Kh1 Qb1+ 57. Rf1 Qc2 58. Qxh3+ Kg7 59. Rf2 Qd1+ 60. Kg2 {[%emt 0:00:08] g5 would kill now.} g5 61. Qf3 Bf4 62. Qxd1 {[%emt 0:00:13] Weighted Error Value: White=0.49/Black=0.82} 1-0

[Event "Czech Open-Rapid 2022"]
[Site "Pardubice"]
[Date "2022.07.20"]
[Round "3.33"]
[White "Jares, Michal"]
[Black "Fiala, Jan"]
[Result "1-0"]
[ECO "E69"]
[WhiteElo "2208"]
[BlackElo "2019"]
[Annotator "TA"]
[PlyCount "87"]
[EventDate "2022.07.20"]
[EventType "swiss"]
[EventCountry "CZE"]
[SourceTitle "playchess.com"]
[Source "ChessBase"]
[SourceQuality "1"]
[TimeControl "1200+10"]

1. d4 Nf6 2. Nf3 g6 3. g3 Bg7 4. Bg2 O-O 5. O-O d6 6. c4 Nbd7 7. Nc3 e5 8. e4 c6 9. h3 Re8 10. Re1 b6 {[%emt 0:01:23] E69: King's Indian: Fianchetto: 6...Nbd7 7 0-0 e5 8 e4 c6 9 h3.} 11. b3 Bb7 12. Bb2 Qc7 {[%emt 0:00:10] The position is equal.} 13. Qc2 Rad8 (13... b5 $5) 14. Rad1 {[%emt 0:00:09] [#]} a6 $146 ({Predecessor:} 14... b5 15. c5 dxc5 16. dxe5 Nh5 17. Ne2 Nxe5 18. Bxe5 Bxe5 19. Qxc5 Bd6 20. Qe3 Nf6 {0-1 (33) Aguilar Sevilla,D (2057)-Zanoletty Garcia,D (2038) Logrono 2002}) 15. Qd2 Qb8 16. dxe5 dxe5 17. Qe3 Nc5 18. b4 Ncd7 19. a3 Qc7 20. Rd2 Nf8 21. Red1 Ne6 {[%emt 0:00:41] [#]} (21... Rxd2 $11 22. Rxd2 (22. Qxd2 a5 $11) 22... N6d7) 22. Na4 (22. Nxe5 $1 $16 {And now Rxd8 would win.} Rxd2 23. Rxd2) 22... Rxd2 $11 23. Rxd2 Nd7 24. Rd1 b5 25. cxb5 cxb5 26. Rc1 Qd6 27. Nc5 Nexc5 28. bxc5 Qc6 29. Nd2 Qc7 30. Nb3 Bc6 31. Qc3 Bf8 32. Rc2 Rc8 33. Bc1 Ra8 34. Na5 Bg7 (34... Rc8 $11) 35. Be3 {[%emt 0:00:13] White is more active.} ({Better is} 35. Nxc6 $16 Qxc6 36. h4) 35... Nf6 (35... Nf8 $1 $14) 36. Nxc6 $18 Qxc6 37. Qd3 {[%emt 0:00:03] Inhibits Rd8.} ({White should try} 37. Qxe5 $16 {aiming for Qd6.} Rd8 38. Qf4) 37... Bf8 $11 38. g4 Be7 39. Qc3 Nd7 40. Rd2 (40. g5 $11 {remains equal.}) 40... f6 (40... Rc8 $17) 41. Rd5 ({White should play} 41. g5 $14 fxg5 42. Bf3) 41... Nb6 $2 {[%emt 0:00:09][%mdl 8192] [#]} (41... g5 $11) 42. Qb3 $1 $18 {[%emt 0:00:23] Intending Rd8+ and mate.} Nc4 {[%emt 0:00:06] [#]} 43. Bf1 $1 Nxe3 $2 (43... Kf7 44. Bxc4 bxc4 45. Qxc4 Qb5) 44. Rd6+ {[%emt 0:00:41] Weighted Error Value: White=0.26 (precise) /Black=0.40} 1-0

[Event "Czech Open-Rapid 2022"]
[Site "Pardubice"]
[Date "2022.07.20"]
[Round "3.34"]
[White "Ni, Polina"]
[Black "Ret, Adam Josef"]
[Result "0-1"]
[ECO "B07"]
[WhiteElo "1871"]
[BlackElo "2023"]
[Annotator "TA"]
[PlyCount "86"]
[EventDate "2022.07.20"]
[EventType "swiss"]
[EventCountry "CZE"]
[SourceTitle "playchess.com"]
[Source "ChessBase"]
[SourceQuality "1"]
[TimeControl "1200+10"]

1. e4 d6 2. d4 Nf6 3. Nc3 Nbd7 4. f4 e5 5. f5 {[%emt 0:01:09] [#]} h5 $146 (5... a6 {feels stronger.}) ({Predecessor:} 5... exd4 6. Qxd4 Be7 7. Nf3 c6 8. Bc4 O-O 9. Be3 d5 10. exd5 Bc5 11. Qf4 Bxe3 12. Qxe3 {0-1 (36) Villeneuve,C-Fominykh,M (2206) Europe Echecs INT 2021}) 6. Nf3 $11 {[%emt 0:00:09] B07: Pirc Defence: Miscellaneous Systems.} Be7 7. Be3 c6 8. Bc4 (8. dxe5 $11 dxe5 9. Bd3) 8... b5 9. Bb3 (9. dxe5 $11 {keeps the balance.} Nxe5 10. Nxe5 dxe5 11. Bd3) 9... b4 $17 10. Ng5 $2 (10. Na4 $17) 10... Rf8 $19 (10... bxc3 11. Bxf7+ Kf8 12. Ne6+ Kxf7 13. Nxd8+ Bxd8 14. bxc3 $15) 11. Ne2 Ng4 $1 12. Bxf7+ Rxf7 13. Nxf7 Kxf7 (13... Nxe3 14. Nxd8 Nxd1 15. Ne6 $11 (15. Nxc6 Ne3 $17)) 14. Qd3 {[%emt 0:01:38] [#]} Ba6 $1 {[%emt 0:01:43][%mdl 512] Active counter play!} 15. Qxa6 {[%emt 0:02:36] Hoping for Bd2.} Nxe3 16. Qd3 Nxg2+ {[%emt 0:00:16] Pair of Knights!} ({Avoid the trap} 16... Bg5 $2 17. h4 Bxh4+ 18. Kd2 $19) (16... Bh4+ $142 17. g3 Bg5) 17. Kf2 Nh4 ({Weaker is} 17... Nf4 18. Nxf4 exf4 19. Kf3) 18. Qc4+ (18. Rhf1 $142) 18... Kf8 {[%emt 0:00:09] And now ...Nf6 would win.} 19. Rhg1 Nf6 20. Ng3 Ng4+ 21. Ke2 Qe8 22. Qe6 Nxh2 23. f6 Bxf6 24. Qxd6+ Qe7 (24... Kg8 $142 25. Nf5 {[#]} (25. Qxf6 $2 gxf6 26. Nf5+ Kh7 $19) 25... exd4 $1) 25. Qxc6 $2 (25. Qxe7+ Kxe7 26. Nxh5) 25... Rd8 26. d5 N2f3 {[%emt 0:00:02] Strongly threatening ...Nd4+.} 27. Rad1 Nxg1+ 28. Rxg1 Qd6 (28... g6 $142 29. Nh1 Kg7) 29. Qb7 $2 (29. Qxd6+ Rxd6 30. Nxh5) 29... Qb6 $2 (29... Qc5 30. Kf1 Qc4+ 31. Ke1 Nf3+ 32. Kf2 Nxg1 33. Kxg1 Qd4+ 34. Kh2 h4) 30. Qxb6 axb6 31. Nxh5 Kf7 32. a3 bxa3 33. bxa3 Ra8 34. Rg3 (34. Nxf6 $142 gxf6 35. Rb1) 34... Ng6 35. Rb3 Bd8 36. c4 (36. Rf3+ $142 Bf6 37. Rb3) 36... Nf8 {[%emt 0:01:30] Black is clearly winning.} 37. Ng3 g6 38. Kd3 Nd7 {[%emt 0:00:03] White must now prevent ...Nc5+.} 39. Ke3 Be7 40. a4 Rxa4 41. Rc3 Bc5+ 42. Kd3 Bd4 {[%emt 0:00:02] ( -> ...Nc5+)} 43. Rc1 Ra3+ {[%emt 0:00:02] Black took control after the opening.  Weighted Error Value: White=1.13/Black=0.64} 0-1

[Event "Czech Open-Rapid 2022"]
[Site "Pardubice"]
[Date "2022.07.20"]
[Round "3.35"]
[White "Bares, Jachym"]
[Black "Abisso, Filippo"]
[Result "1-0"]
[ECO "B77"]
[WhiteElo "2129"]
[BlackElo "1595"]
[Annotator "TA"]
[PlyCount "63"]
[EventDate "2022.07.20"]
[EventType "swiss"]
[EventCountry "CZE"]
[SourceTitle "playchess.com"]
[Source "ChessBase"]
[SourceQuality "1"]
[TimeControl "1200+10"]

1. e4 c5 2. Nf3 Nc6 3. d4 cxd4 4. Nxd4 Nf6 5. Nc3 g6 6. Be3 Bg7 7. Bc4 O-O 8. f3 d6 9. Qd2 Bd7 10. h4 h5 11. O-O-O Rc8 12. Bb3 Ne5 13. Bh6 Qa5 {[%emt 0:01:30] B78: Sicilian Dragon: Yugoslav Attack, 9 Bc4 Bd7 10 0-0-0 Rc8.} 14. Kb1 Nc4 15. Bxc4 Rxc4 {[%emt 0:00:12] The position is equal.} 16. Bxg7 Kxg7 17. g4 hxg4 {[%emt 0:00:31][%cal Oc4c3] White must now prevent ...Rxc3!} 18. h5 $1 {[%emt 0:00:02] [#]} gxh5 $146 (18... Rh8 $1 $11) ({Predecessor:} 18... Rxc3 19. hxg6 fxg6 20. bxc3 Kf7 21. fxg4 Bxg4 22. Rdf1 Ke8 23. Qg2 Bh5 24. Ne6 Rg8 25. Rxf6 exf6 {½-½ (71) Svetushkin,D (2461)-Potapov,A (2505) Patras 2001}) 19. fxg4 $2 (19. Nf5+ $1 $18 Bxf5 20. Qg5+ Bg6 21. Qxa5 gxf3 22. e5) 19... Bxg4 $2 (19... Nxg4 $2 20. Nf5+ Bxf5 21. Qg5+ Bg6 22. Qxa5 $18) (19... Nxe4 $11 20. Nxe4 Qxd2 21. Rxd2 hxg4) 20. Rdg1 $2 (20. Nf5+ $1 $18 Qxf5 21. exf5 Bxd1 22. Nxd1) 20... Rfc8 $2 (20... Rh8 $11 21. Nf5+ Kf8) 21. Nf5+ {[%emt 0:05:55] Pair of Knights!} Kf8 {[%emt 0:00:20][%cal Rc4c3] [#] Strongly threatening ...Rxc3.} 22. Nxe7 $2 {[%emt 0:00:02] Dancing on a razor blade.} Kxe7 $4 (22... Nxe4 $11 23. Nxe4 Qxd2 24. Nxd2 Kxe7 25. Nxc4 Rxc4) 23. Nd5+ $18 {[%emt 0:00:01][%mdl 64] Discovered Attack} Qxd5 24. exd5 Ne4 {[%emt 0:01:50] Inhibits Qg5+.} 25. Re1 f5 {[%emt 0:00:32] [#]} 26. c3 ({Weaker is} 26. Qh6 Re8 27. Qg7+ Kd8 28. Qxb7 Re7 $18) (26. Rxh5 $142 $3 {[%mdl 512] White threatens Qg5+ and mate.} Bxh5 27. Qg5+ Kd7 28. Qxf5+ Kc7 29. Qxh5) 26... Kd7 27. Qh6 Kc7 (27... Re8 {keeps fighting.} 28. Ka1 Re5 29. Qg7+ Re7) 28. Rxh5 Bxh5 29. Qxh5 f4 $2 {[%emt 0:01:57] [#]} (29... Rd8 30. Qxf5 Nc5) 30. Rxe4 $1 {[%emt 0:00:48][%mdl 512] White is clearly winning.} Rxe4 31. Qh7+ Kb8 32. Qxe4 {Weighted Error Value: White=0.99/Black=1.87} 1-0

[Event "Czech Open-Rapid 2022"]
[Site "Pardubice"]
[Date "2022.07.20"]
[Round "3.36"]
[White "Skoloud, Barnabas"]
[Black "Malinovsky, Petr"]
[Result "1/2-1/2"]
[ECO "B20"]
[WhiteElo "1852"]
[BlackElo "1959"]
[Annotator "TA"]
[PlyCount "69"]
[EventDate "2022.07.20"]
[EventType "swiss"]
[EventCountry "CZE"]
[SourceTitle "playchess.com"]
[Source "ChessBase"]
[SourceQuality "1"]
[TimeControl "1200+10"]

1. e4 c5 2. c4 e5 3. Nc3 Nc6 4. d3 d6 5. g3 f5 6. Bg2 Nf6 7. Nge2 {[%emt 0:00:14] A36: Symmetrical English vs ...g6: 4 Bg2 Bg7.} Be7 8. O-O O-O 9. a3 {[%emt 0:03:08] [#]} Rb8 $146 ({Predecessor:} 9... Nd4 10. exf5 Nxf5 11. b4 Kh8 12. Rb1 Rb8 13. bxc5 dxc5 14. Nd5 Nxd5 15. Bxd5 b5 {0-1 (37) Idani,P (2372)-Shanava,K (2539) Jermuk 2011}) 10. Rb1 (10. b4 {feels hotter.} fxe4 11. Nxe4 Nxe4 12. Bxe4 Bg4 13. f3) 10... Nd4 11. Nxd4 cxd4 12. Nd5 Nxd5 13. exd5 b6 (13... b5 $142) 14. f4 $11 Bf6 15. Bd2 Rf7 16. b4 Bd7 17. b5 Qc7 18. a4 Re8 19. Bb4 e4 20. Re1 e3 21. Qb3 g5 22. Qa3 Be7 23. fxg5 ({Better is} 23. Rf1 $11) 23... f4 $15 24. gxf4 Rxf4 {[%emt 0:00:02] White must now prevent ...Bg4.} 25. Rf1 Ref8 (25... Bxg5 26. Bxd6 Rxf1+ 27. Bxf1 $11) 26. Rxf4 Rxf4 27. Rf1 Rxf1+ ({Don't play} 27... Rg4 28. Qb2 $11) 28. Bxf1 Bg4 {[%emt 0:00:19] [#]} (28... Qd8 $11) 29. Qb2 $1 $16 Qd7 30. Qxd4 Bxg5 (30... e2 $16 {is a better chance.} 31. Bg2 Bxg5) 31. Bc3 $18 {[%emt 0:00:26] Hoping for Qh8+.} h6 {[%emt 0:01:31] [#]} 32. Qh8+ $2 (32. h3 $1 $18 ) 32... Kf7 $14 33. Qg7+ Ke8 {[%emt 0:00:06] ...Qxg7 is the strong threat.} 34. Qg8+ Ke7 35. Qg7+ {[%emt 0:00:01] Weighted Error Value: White=0.29 (precise) /Black=0.35} 1/2-1/2

[Event "Czech Open-Rapid 2022"]
[Site "Pardubice"]
[Date "2022.07.20"]
[Round "3.37"]
[White "Baron, Patrik"]
[Black "Melichar, Vojtech"]
[Result "0-1"]
[ECO "C55"]
[WhiteElo "1800"]
[BlackElo "1907"]
[Annotator "TA"]
[PlyCount "28"]
[EventDate "2022.07.20"]
[EventType "swiss"]
[EventCountry "CZE"]
[SourceTitle "playchess.com"]
[Source "ChessBase"]
[SourceQuality "1"]
[TimeControl "1200+10"]

1. e4 e5 2. Nf3 Nc6 3. Bc4 Nf6 4. d4 exd4 5. e5 Ne4 6. Bd5 Nc5 7. O-O Be7 8. Re1 O-O {[%emt 0:03:12] C56: Two Knights: 4 d4 exd4 5 0-0 Nxe4.} 9. Nxd4 Nxd4 10. Qxd4 c6 {[%emt 0:00:01] The position is equal.} 11. Bb3 d5 {[%emt 0:00:13] [#]} 12. Bf4 $146 (12. exd6 $11 Qxd6 13. Qxd6 Bxd6 14. Nd2) ({Predecessor:} 12. exd6 Qxd6 13. Be3 Bf5 14. Qxc5 Qxc5 15. Bxc5 Bxc5 16. Nd2 Rfe8 17. Nf3 Kf8 18. Kf1 Rad8 19. Rxe8+ Rxe8 20. h3 {½-½ (20) Gantar,J (2085)-Okorn,N (1837) Slovenija 2009}) 12... Ne4 ({Black should try} 12... Bf5 $17 13. Nc3 a5) 13. Nd2 $2 {[%emt 0:00:33][%mdl 8192] [#]} (13. Be3 $15) 13... Bc5 $19 14. Qa4 (14. Rxe4 Bxd4 15. Rxd4) 14... b5 {[%emt 0:00:13] White got outplayed after the opening.  Weighted Error Value: White=1.27/Black=0.10 (very precise)} 0-1

[Event "Czech Open-Rapid 2022"]
[Site "Pardubice"]
[Date "2022.07.20"]
[Round "3.38"]
[White "Henke, Georg"]
[Black "Kavalir, Jan"]
[Result "0-1"]
[ECO "A48"]
[WhiteElo "1566"]
[BlackElo "1987"]
[Annotator "TA"]
[PlyCount "32"]
[EventDate "2022.07.20"]
[EventType "swiss"]
[EventCountry "CZE"]
[SourceTitle "playchess.com"]
[Source "ChessBase"]
[SourceQuality "1"]
[TimeControl "1200+10"]

1. d4 Nf6 2. Nf3 g6 3. e3 Bg7 4. c4 O-O 5. Nc3 d5 6. Be2 dxc4 7. Bxc4 c5 8. O-O cxd4 9. Nxd4 a6 10. Bb3 {[%emt 0:00:48] D94: Grünfeld: 4 Nf3 Bg7 5 e3.} b5 11. Qf3 (11. Qe2 $5 ) 11... Ra7 12. h3 {[%emt 0:01:01] [#]} (12. Qg3 $11 {keeps the balance.} Qc7 13. Qh4) 12... Bb7 $146 ({Better is} 12... Rd7 $1 $17) ({Predecessor:} 12... Rd7 13. Ne6 fxe6 14. Bxe6+ Kh8 15. Bxd7 Nbxd7 16. Rd1 b4 17. Nd5 Bb7 18. Qe2 Nxd5 {0-1 (39) Soedren,H-Johanson,L (2275) Stockholm 1994}) 13. Qg3 b4 14. Na4 Ne4 15. Qh4 Bf6 (15... e5 $15 {is superior.} 16. Qxd8 Rxd8) 16. Qf4 $2 {[%emt 0:00:48][%mdl 8192] [#]} (16. Qg4 $1 $11 {and White is okay.}) 16... e5 {[%emt 0:00:18] Weighted Error Value: White=0.93/Black=0.19 (very precise)} 0-1

[Event "Czech Open-Rapid 2022"]
[Site "Pardubice"]
[Date "2022.07.20"]
[Round "3.39"]
[White "Kotva, Milan"]
[Black "Janko, Jan"]
[Result "1-0"]
[ECO "B09"]
[WhiteElo "1833"]
[BlackElo "1597"]
[Annotator "NA RC COMBH"]
[PlyCount "55"]
[EventDate "2022.07.20"]
[EventType "swiss"]
[EventCountry "CZE"]
[SourceTitle "playchess.com"]
[Source "ChessBase"]
[SourceQuality "1"]
[TimeControl "1200+10"]

1. e4 d6 2. d4 Nf6 3. Nc3 g6 4. Bd3 Bg7 5. f4 O-O 6. Nf3 Nc6 7. O-O Bg4 8. Ne2 Nb4 9. c3 Nxd3 10. Qxd3 Bxf3 11. Rxf3 c5 12. d5 a6 13. Kh1 b5 14. Be3 a5 15. Rb1 b4 16. c4 a4 17. h3 Nd7 18. Bf2 h6 19. Bh4 f6 20. e5 g5 21. exf6 exf6 22. Bg3 Qe7 23. Re3 Qf7 24. Re6 f5 25. Qe3 g4 26. Re7 Qh5 27. Qe6+ Kh8 28. Qxd7 1-0

[Event "Czech Open-Rapid 2022"]
[Site "Pardubice"]
[Date "2022.07.20"]
[Round "3.40"]
[White "Babula, Matej"]
[Black "Pacl, Vaclav"]
[Result "0-1"]
[ECO "B01"]
[WhiteElo "1748"]
[BlackElo "2036"]
[Annotator "TA"]
[PlyCount "66"]
[EventDate "2022.07.20"]
[EventType "swiss"]
[EventCountry "CZE"]
[SourceTitle "playchess.com"]
[Source "ChessBase"]
[SourceQuality "1"]
[TimeControl "1200+10"]

1. e4 d5 2. exd5 Qxd5 3. d4 Nc6 4. Nf3 Bg4 5. c4 Qe4+ (5... Qa5+ $11 6. Bd2 Qf5) 6. Be2 $2 {[%emt 0:00:07] B01: Scandinavian Defence.} (6. Be3 $16 {is forced if you want to stay better.}) 6... Bxf3 $17 7. gxf3 Qxd4 {[%emt 0:00:05] [#]} 8. Qb3 $146 {[%emt 0:00:47] Black is better.} ({Predecessor:} 8. Be3 Qxb2 9. Nd2 O-O-O 10. O-O Nd4 11. Bxd4 Rxd4 12. Qb3 Qxd2 13. Rfd1 Qg5+ 14. Kf1 Rxd1+ 15. Rxd1 e6 16. Qd3 Bd6 17. Qd4 Bxh2 18. Qd7+ Kb8 19. Qd8+ {1-0 (19) Torfs,G (735)-Digiglio,R (772) LSS email 2014}) 8... O-O-O {[%emt 0:00:57] aiming for ...Qh4.} 9. Be3 Qe5 10. Nc3 e6 (10... Nd4 11. Qa4 $11 (11. Bxd4 Qxd4 12. Rd1 Qb6 $15)) 11. f4 Qf5 (11... Qa5 $1 $17 {White must now prevent ...Nd4.} 12. Bf3 Bc5) 12. Bf3 $1 $15 Nge7 (12... Qa5 $15) 13. Nb5 $11 b6 $2 (13... Rd3 $11 14. Nxa7+ Kb8 15. Nxc6+ Nxc6) 14. Qa4 $1 $16 a5 {[%emt 0:00:02] [#]} 15. c5 $2 ({Only move:} 15. Rd1 $1 $16) 15... Nd5 $11 {[%emt 0:01:17] Pair of Knights!} (15... bxc5 16. Nc3 Nd4 17. Be4 $14) 16. Nd6+ $2 Bxd6 $19 17. Qxc6 Nxe3 $2 {[%emt 0:01:10] Active counter play!} (17... Bxf4 $19 18. Rf1 (18. Bxd5 $2 Rxd5 19. cxb6 Qe4 $19) 18... Bxh2 19. Bxd5 Qxd5 20. Qxd5 Rxd5 21. cxb6 cxb6 22. Bxb6 h5) 18. cxd6 $2 ({Stronger than} 18. fxe3 Qxc5 19. Ke2 Qxc6 20. Bxc6 h6 $17) (18. Qb7+ $14 {is the one way to stay ahead.} Kd7 19. Bc6+ (19. cxd6 Nc2+ 20. Kf1 Qd3+ 21. Kg2 Qg6+ 22. Kh3 Qh6+ 23. Kg3 Qg6+ 24. Kh3 Qh6+ 25. Kg3 Qg6+ 26. Kh3 $11) 19... Ke7 20. cxd6+ Kf6 21. fxe3) 18... Nc2+ 19. Kf1 Rxd6 {[%emt 0:00:07] The board is on fire.} 20. Qa8+ (20. Qb7+ $142 Kd7 21. Rc1) 20... Kd7 21. Qxh8 Nxa1 (21... Qh3+ $142 22. Bg2 Qg4) 22. Qxg7 Qxf4 23. Kg2 Nc2 ({Avoid the trap} 23... Rd3 $2 24. Qg3 Qxg3+ 25. Kxg3 $19) 24. Qxh7 $2 {[%emt 0:00:42] [#]} (24. Rd1) 24... Nd4 $2 $40 {[%emt 0:01:09][%mdl 128] Black goes for the king.} (24... Ne3+ $1 25. fxe3 Rd2+ 26. Kh3 Qxf3+ 27. Kh4 Rxb2 28. Qd3+ Ke8) 25. Bh5 $2 (25. Qh5) 25... Qg5+ 26. Kf1 $2 (26. Kh3 Rd5 27. Qxf7+ Kc8 28. Rd1) 26... Qb5+ 27. Kg1 Ne2+ 28. Bxe2 Qxe2 29. Qxf7+ {[%emt 0:00:02] KQR-KQR} Kc6 30. Qe8+ Kb7 {[%emt 0:00:06] ( -> ...Qg4+)} 31. h3 {[%emt 0:00:07] Inhibits Qg4+.} Rd1+ {[%emt 0:00:11] Black mates.} 32. Kg2 Qe4+ 33. f3 Qe2+ {[%emt 0:00:01] Weighted Error Value: White=1.58/Black=0.72} (33... Rd2+ $142 34. Kg3 Qe5+ 35. f4 Qe3+ 36. Kh4 Qxf4+ 37. Kh5 Rd5+ 38. Kg6 Rg5+ 39. Kh7 Qh4+ 40. Qh5 Qxh5#) 0-1